 Dungeon Crawl Stone Soup version 0.28.0 (webtiles) character file.

Game seed: 9794541762365069643

75 SnakkuSnakku7 the Insei (level 4, 0/30 HPs)
             Began as a Vampire Fire Elementalist on Feb 14, 2022.
             Slain by an orc priest (4 damage)
             ... on level 3 of the Dungeon.
             The game lasted 00:03:43 (2306 turns).

SnakkuSnakku7 the Insei (Vampire Fire Elementalist) Turns: 2306, Time: 00:03:46

Health: 0/30       AC:  3    Str:  9    XL:     4   Next: 11%
Magic:  1/7        EV: 12    Int: 17    God:
Gold:   24         SH:  0    Dex: 14    Spells: 6/7 levels left

rFire   . . .      SeeInvis +     - Unarmed
rCold   . . .      Faith    .   (no shield)
rNeg    . . .      Spirit   .   a - +0 robe
rPois   .          Reflect  .   (no helmet)
rElec   .          Harm     .   d - +0 cloak
rCorr   .          Rampage  .   (no gloves)
Will    .....                   (no boots)
Stlth   ++........              (no amulet)
HPRegen 0.30/turn               (no ring)
MPRegen 0.10/turn               (no ring)

@: healing quickly
A: alive, fangs 3, see invisible, vampiric 2
a: Exsanguinate


You were on level 3 of the Dungeon.
You visited 1 branch of the dungeon, and saw 3 of its levels.

You collected 24 gold pieces.

Inventory:

Armour
 a - a +0 robe (worn)
 b - a +0 ring mail
 d - a +0 cloak (worn)
 i - a +0 plate armour
Scrolls
 h - a scroll of fear {unknown}
Potions
 c - 2 potions of curing {unknown}
 e - 2 potions of flight {unknown}
 f - a potion of brilliance
 g - a potion of heal wounds {unknown}
 j - 2 potions of invisibility {unknown}


   Skills:
 - Level 2.1 Dodging
 - Level 3.0 Stealth
 + Level 4.2 Unarmed Combat
 - Level 2.0 Spellcasting
 - Level 0.6 Conjurations
 - Level 2.4 Fire Magic


You had 6 spell levels left.
You knew the following spells:

 Your Spells              Type           Power      Damage    Failure   Level
a - Foxfire               Conj/Fire      24%        2x1d5     11%         1

Your spell library contained the following spells:

 Spells                   Type           Power      Damage    Failure   Level
 Scorch                   Fire           18%        2d6       11%         2
 Conjure Flame            Conj/Fire      6%         6-21      30%         3
 Inner Flame              Hex/Fire       5%         N/A       34%         3
 Flame Wave               Conj/Fire      6%         2d5       71%         4


Dungeon Overview and Level Annotations

Branches:
Dungeon (3/15)

Altars:


Innate Abilities, Weirdness & Mutations

Your natural rate of healing is accelerated.
You have razor-sharp teeth.
You have supernaturally acute eyesight. (SInv)
You are afflicted with vampirism and can become a bat while bloodless.


Message History

The orc priest is moderately wounded.
The foxfire hits the orc priest but does no damage.
The orc priest is moderately wounded.
Casting: Foxfire (safe; 11% risk of failure)
Press: ? - help, Q - select action Dir - look around, f - activate You conjure some foxfire!
Unknown command.
The foxfire hits the orc priest.
The orc priest is moderately wounded.
The foxfire hits the orc priest but does no damage.
The orc priest is moderately wounded.
The foxfire hits the orc priest but does no damage.
The orc priest is moderately wounded.
The foxfire hits the orc priest but does no damage.
The orc priest is moderately wounded.
An endoplasm comes into view.
You completely miss the orc priest.
The orc priest is moderately wounded.
The endoplasm quivers.
The orc priest hits you with a +2 short sword of flaming.
The orc priest burns you.
You closely miss the orc priest.
The orc priest is moderately wounded.
The orc priest closely misses you.
You hit the orc priest.
The orc priest is heavily wounded.
The orc priest barely misses you.
You barely miss the orc priest.
The orc priest is heavily wounded.
The endoplasm freezes you.
You are frozen.
The orc priest hits you with a +2 short sword of flaming.
The orc priest burns you.
You hit the orc priest but do no damage.
The orc priest is heavily wounded.
The endoplasm closely misses you.
The orc priest hits you with a +2 short sword of flaming!
* * * LOW HITPOINT WARNING * * *
The orc priest burns you.
You die...

#.. ... #.####.#
#.#.#..# #......#
## #.....##.#
.... #.........
.....###.<...#
.....<.......##.
#..#...o@.......#
#......J..#######
#.#.........
....#...#>###
.>......#.#
#.#.#.#.#.#
..#.#.#...# #
#.## ##


You could see an orc priest and an endoplasm.

Vanquished Creatures
  2 adders
  5 orcs (D:2)
  3 endoplasms
  4 giant cockroaches
  3 goblins
  11 hobgoblins
  2 jackals (D:2)
  A kobold (D:2)
  3 quokkas
  3 ball pythons
  3 bats (D:1)
  2 frilled lizards
  2 rats (D:1)
44 creatures vanquished.

Vanquished Creatures (others)
  50 foxfires
50 creatures vanquished.

Grand Total: 94 creatures vanquished

Notes
Turn   | Place    | Note
-------+----------+-------------------------------------------
     0 | D:1      | SnakkuSnakku7 the Vampire Fire Elementalist began the quest
                  | for the Orb.
     0 | D:1      | Reached XP level 1. HP: 13/13 MP: 3/3
   232 | D:1      | Reached skill level 1 in Unarmed Combat
   374 | D:1      | Reached XP level 2. HP: 9/19 MP: 3/5
   499 | D:1      | Reached skill level 2 in Unarmed Combat
   990 | D:1      | Reached skill level 3 in Unarmed Combat
   992 | D:1      | Gained mutation: You are afflicted with vampirism and can
                  | become a bat while bloodless. [Vampire growth]
   992 | D:1      | Reached XP level 3. HP: 17/24 MP: 6/6
  1895 | D:3      | Reached skill level 4 in Unarmed Combat
  2032 | D:2      | Reached XP level 4. HP: 16/30 MP: 7/7
  2306 | D:3      | Slain by an orc priest

Illustrated notes

Levels and vault maps discovered:
D:1:      wander_arrival_chamber, layout_loops_corners
D:2:      layout_basic
D:3:      layout_basic, serial_shops, shop

Skill      XL: |  1  2  3 |
---------------+----------+-----
Unarmed Combat | 1 3 4 |  4.2
Dodging        | |  2.1
Stealth        | |  3.0
Spellcasting   | |  2.0
Conjurations   | |  0.6
Fire Magic     | |  2.4

Action                   |  1- 3 |  4- 6 || total
-------------------------+-------+-------++-------
Melee: Unarmed           |   183 |    11 ||   194
       Bite              |    27 |     1 ||    28
       Punch             |     3 |     2 ||     5
 Cast: Foxfire           |    19 |    10 ||    29
  Use: Scroll            |     3 |       ||     3
 Stab: Sleeping          |     5 |       ||     5
Armor: Robe              |    51 |     2 ||    53
Dodge: Dodged            |   123 |     7 ||   130
